 Dungeon Crawl Stone Soup version 0.25-a0-246-g58704a1ebd (webtiles) character file.

Game seed: 6967266225541180272, levelgen mode: deterministic

5805 floatRand the Cleaver (level 10, -15/77 HPs)
             Began as a Demonspawn Monk on Dec 3, 2019.
             Was a Priest of Qazlal.
             Demolished by an orc warrior
             ... wielding a +0 glaive
              (18 damage)
             ... on level 9 of the Dungeon.
             The game lasted 00:14:56 (11489 turns).

floatRand the Cleaver (Demonspawn Monk)            Turns: 11489, Time: 00:14:57

Health: -15/77     AC: 11    Str: 24    XL:     10   Next: 50%
Magic:  15/15      EV: 16    Int: 13    God:    Qazlal [***...]
Gold:   347        SH:  3    Dex: 19    Spells: 9/9 levels left

rFire    . . .     SeeInvis +   a - +1 hand axe
rCold    . . .     Gourm    .   (no shield)
rNeg     . . .     Faith    .   f - +2 robe of Ennui {rCorr Str+6}
rPois    .         Spirit   .   (helmet restricted)
rElec    .         Reflect  .   h - +0 cloak
rCorr    +         Harm     .   w - +0 pair of gloves
MR       .....                  n - +2 pair of boots
Stlth    +++.......             (no amulet)
HPRegen  0.22/turn              z - +2 ring of protection
MPRegen  0.14/turn              l - ring of see invisible

@: no status effects
A: horns 1, thin skeletal structure 2, clever 1, demonic guardian 1,
nightstalker 1, strong 1
a: Upheaval, Elemental Force, Renounce Religion


You were on level 9 of the Dungeon.
You worshipped Qazlal.
Qazlal was most pleased with you.
You were not hungry.

You visited 2 branches of the dungeon, and saw 10 of its levels.

You collected 347 gold pieces.

Inventory:

Hand Weapons
 a - a +1 hand axe (weapon)
 D - a +2 short sword of flaming
Armour
 f - the +2 robe of Ennui (worn) {rCorr Str+6}
   (You found it on level 6 of the Dungeon)

   It affects your strength (+6).
   It provides partial protection from all sources of acid and corrosion.
 h - a +0 cloak (worn)
 k - a +0 chain mail
 n - a +2 pair of boots (worn)
 w - a +0 pair of gloves (worn)
 F - a +0 troll leather armour
Jewellery
 e - an uncursed ring of protection from fire
 l - a ring of see invisible (right hand)
 p - an uncursed amulet of rage
 r - an uncursed ring of stealth
 s - an uncursed ring of resist corrosion
 t - an uncursed ring of resist corrosion
 z - a +2 ring of protection (left hand)
 B - an uncursed ring of see invisible
Wands
 u - a wand of disintegration (3)
 x - a wand of digging (5)
 y - a wand of paralysis (4)
Scrolls
 g - a scroll of blinking
 j - 8 scrolls of remove curse
 A - a scroll of enchant weapon
 E - a scroll of identify
Potions
 b - 4 potions of curing
 d - 2 potions of flight
 i - 2 potions of mutation
 m - 2 potions of agility {unknown}
 o - a potion of brilliance {unknown}
 q - a potion of heal wounds {unknown}
 v - 2 potions of cancellation {unknown}
 C - a potion of ambrosia {unknown}
Comestibles
 c - 20 rations
 G - a chunk of flesh


   Skills:
 - Level 6.9 Fighting
 + Level 11.3 Axes
 + Level 5.9 Dodging
 - Level 1.7 Stealth
 + Level 7.4 Invocations


You had 9 spell levels left.
You didn't know any spells.
Your spell library was empty.

Dungeon Overview and Level Annotations

Branches:
Dungeon (9/15)             Temple (1/1) D:7             Orc (0/2) D:9
   Lair: D:8-11

Altars:
Ashenzari
Dithmenos
Elyvilon
Fedhas
Hepliaklqana
Kikubaaqudgha
Makhleb
Nemelex Xobeh
Okawaru
Qazlal
Ru
Sif Muna
Trog
Vehumet
Wu Jian
Xom
Yredelemnul
The Shining One


Innate Abilities, Weirdness & Mutations

You have a pair of small horns on your head.
You have a moderately thin skeletal structure. (Dex +4, Stealth+)
A weak demonic guardian rushes to your aid.
You are slightly more attuned to the shadows.
Your mind is acute. (Int +2)
Your muscles are strong. (Str +2)


Message History

Unknown command.
You hit the orc warrior.
You headbutt the orc warrior, but do no damage.
The orc warrior is almost dead.
You closely miss the orc warrior.
You headbutt the orc warrior, but do no damage.
The orc warrior is almost dead.
The orc warrior hits you with a +0 glaive!
* * * LOW HITPOINT WARNING * * *
Unknown command.
You hit the orc warrior but do no damage.
The orc warrior is almost dead.
Unknown command.
Evoke which item? (* to show all) (? for menu, Esc to quit)
Aiming: Disintegrate
Press: ? - help, Shift-Dir - straight line, f/p - orc warrior
Aim: an orc warrior, wielding a +0 glaive and wearing a +0 plate armour (almost dead, chance to defeat MR: 65%)
The orc warrior struggles to resist.
The orc warrior hits you with a +0 glaive!!
You die...

##.......................#####
####........................#
.................†)÷#####...#
..........#'######()#...#...#
..........#......#()#...#...#
.)........#......#..'...#...#
######....#......#).#####...#
#....########..........#####
#....)..))o@.(.(............
#.......###.................
#.......# #....#####........
#.......# ###### #########
#########


You could see an orc warrior.

Vanquished Creatures
  A two-headed ogre (D:8)
  Maurice (D:8)
  2 trolls (D:9)
  A spriggan (D:7)
  A water moccasin (D:6)
  3 orc warriors
  A black bear (D:8)
  An ice beast (D:9)
  4 ogres
  4 centaurs
  6 bullfrogs
  4 big kobolds
  3 gnoll sergeants
  A wyvern zombie (D:8)
  A scorpion (D:9)
  12 killer bees (D:8)
  2 howler monkeys (D:9)
  5 crimson imps
  2 quasits
  A bullfrog zombie (D:6)
  A hound (D:9)
  A gnoll shaman (D:9)
  4 orc priests
  A centaur skeleton (D:5)
  5 orc wizards
  7 iguanas
  A bullfrog skeleton (D:5)
  Terence (D:2)
  6 worker ants
  A hound zombie (D:7)
  A howler monkey zombie (D:9)
  12 gnolls
  A howler monkey skeleton (D:6)
  8 adders
  3 shadow imps
  An ooze (D:2)
  2 adder zombies
  2 worms (D:2)
  5 leopard geckos
  22 orcs
  4 bats
  A giant cockroach (D:1)
  8 goblins
  6 hobgoblins
  21 jackals
  18 kobolds
  2 quokkas
  A ball python (D:7)
  9 frilled lizards
  2 gnoll zombies (D:9)
  A leopard gecko skeleton (D:5)
  A quokka zombie (D:6)
  9 rats (D:1)
224 creatures vanquished.

Vanquished Creatures (collateral kills)
  Sigmund (D:2)
  A black bear (D:6)
  A phantom (D:5)
  An ogre (D:5)
  A big kobold (D:7)
  A howler monkey (D:9)
  A hound (D:5)
  An iguana (D:7)
  An adder (D:2)
  4 gnolls
  An adder skeleton (D:7)
  2 leopard geckos
  3 orcs
19 creatures vanquished.

Vanquished Creatures (others)
  6 plants
6 creatures vanquished.

Grand Total: 249 creatures vanquished

Notes
Turn   | Place    | Note
-------+----------+-------------------------------------------
     0 | D:1      | floatRand the Demonspawn Monk began the quest for the Orb.
     0 | D:1      | Reached XP level 1. HP: 18/18 MP: 1/1
    82 | D:1      | Reached skill level 3 in Axes
   142 | D:1      | Gained mutation: A weak demonic guardian rushes to your
                  | aid. [demonic ancestry]
   142 | D:1      | Reached XP level 2. HP: 16/24 MP: 2/2
   826 | D:1      | Gained mutation: You have a pair of small horns on your
                  | head. [demonic ancestry]
   826 | D:1      | Reached XP level 3. HP: 29/29 MP: 3/3
  1042 | D:2      | Reached skill level 4 in Axes
  1238 | D:2      | Found a hazy altar of Hepliaklqana.
  1390 | D:2      | Found a faded altar of an unknown god.
  1493 | D:2      | Reached XP level 4. HP: 28/35 MP: 4/4
  1497 | D:2      | Found a sparkling altar of Nemelex Xobeh.
  1567 | D:2      | Noticed Sigmund
  1589 | D:2      | Killed Sigmund
  1589 | D:2      | Reached skill level 5 in Axes
  1589 | D:2      | Reached XP level 5. HP: 41/41 MP: 5/5
  1662 | D:2      | Found a blossoming altar of Fedhas.
  1713 | D:2      | Noticed Terence
  1733 | D:2      | Killed Terence
  1733 | D:2      | Reached skill level 6 in Axes
  1892 | D:2      | Gained mutation: You have a somewhat thin skeletal
                  | structure. (Dex +2, Stealth) [demonic ancestry]
  1892 | D:2      | Reached XP level 6. HP: 38/47 MP: 6/6
  2191 | D:2      | Found a radiant altar of Vehumet.
  4075 | D:4      | Reached skill level 7 in Axes
  4075 | D:4      | Reached XP level 7. HP: 47/53 MP: 7/7
  4110 | D:5      | Entered Level 5 of the Dungeon
  5236 | D:5      | Reached skill level 8 in Axes
  5630 | D:6      | Reached XP level 8. HP: 46/61 MP: 8/8
  5637 | D:6      | Reached skill level 5 in Fighting
  6075 | D:6      | Got an ancient robe
  6080 | D:6      | Identified the +2 robe of Ennui {rCorr Str+6} (You found it
                  | on level 6 of the Dungeon)
  6364 | D:6      | Found an ornate altar of the Wu Jian Council.
  6539 | D:6      | Reached skill level 9 in Axes
  7378 | D:7      | Found a bloodstained altar of Trog.
  7420 | D:7      | Gained mutation: You have a moderately thin skeletal
                  | structure. (Dex +4, Stealth+) [demonic ancestry]
  7420 | D:7      | Reached XP level 9. HP: 52/71 MP: 9/9
  7625 | D:7      | Reached skill level 10 in Axes
  7994 | D:7      | Found a staircase to the Ecumenical Temple.
  8050 | Temple   | Entered the Ecumenical Temple
  8091 | Temple   | Became a worshipper of Qazlal Stormbringer
  8091 | Temple   | Reached * piety under Qazlal
  8091 | Temple   | Reached ** piety under Qazlal
  8350 | D:8      | Gained mutation: Your muscles are strong. (Str +2) [potion
                  | of mutation]
  8350 | D:8      | Gained mutation: Your mind is acute. (Int +2) [potion of
                  | mutation]
  8686 | D:8      | Reached skill level 1 in Invocations
  8687 | D:8      | Noticed Maurice
  8908 | D:8      | Killed Maurice
  9051 | D:8      | Noticed a two-headed ogre
  9066 | D:8      | Killed a two-headed ogre
  9074 | D:8      | Reached skill level 5 in Invocations
  9139 | D:8      | Gained mutation: You are slightly more attuned to the
                  | shadows. [demonic ancestry]
  9139 | D:8      | Reached XP level 10. HP: 26/77 MP: 12/14
  9969 | D:9      | Found a staircase to the Orcish Mines.
 10108 | D:8      | Reached skill level 5 in Dodging
 10151 | D:8      | Reached skill level 11 in Axes
 10403 | D:9      | Found an iron altar of Okawaru.
 10765 | D:9      | Found a basalt altar of Yredelemnul.
 11304 | D:9      | Reached *** piety under Qazlal
 11487 | D:9      | HP: 3/77 [orc warrior/+0 glaive (11)]
 11489 | D:9      | Demolished by an orc warrior

Levels and vault maps discovered:
D:1:      dpeg_arrival_prison, layout_basic
D:2:      layout_loops_cross, nicolae_overflow_hidden_temple, marbit_many_paths,
          lemuel_doored_altar, nicolae_overflow_crystal_walls,
          fiery_altar_vehumet, chequers_ecumenical_altar_simple_redux,
          uniq_terence, uniq_sigmund
D:3:      layout_rooms
D:4:      layout_basic, minmay_lizard_king
D:5:      layout_gridville, first_ration, lemuel_old_faithful
D:6:      layout_rooms, kennysheep_mini_moat, lightli_orcish_oven
D:7:      layout_cave_pools, overflow_temple_1_default,
          minmay_temple_entry_enclosed_plants, nicolae_ossuary_entry_plus,
          the_bakery, minivault_23
D:8:      layout_gridville, uniq_maurice
D:9:      kennysheep_six_static_rooms, layout_irregular_city,
          lemuel_coloured_pillars_altar, lemuel_zombie_altar_yredelemnul,
          grunt_temple_overflow_diamond, david_lair_shrubbed,
          kennysheep_orc_monster_closet_entryway, hangedman_decor_riveting,
          uniq_erica
Temple:   compressed_dpeg_circular_temple

Skill      XL: |  1  2  3  4  5  6  7  8  9 10 |
---------------+-------------------------------+-----
Axes           | 3 4 5 6 7 8 9 10 11 | 11.3
Fighting       | 4 6 |  6.9
Invocations    | 5 7 |  7.4
Dodging        | 4 5 |  5.9
Stealth        | |  1.7

Action                   |  1- 3 |  4- 6 |  7- 9 | 10-12 || total
-------------------------+-------+-------+-------+-------++-------
Melee: Hand axe          |   112 |   171 |   458 |   193 ||   934
       Headbutt          |    15 |    34 |   116 |    71 ||   236
Invok: Upheaval          |       |       |     1 |       ||     1
Evoke: Wand              |       |       |     7 |     8 ||    15
  Use: Potion            |       |     3 |     5 |       ||     8
       Scroll            |       |       |    11 |       ||    11
 Stab: Sleeping          |     1 |       |     1 |       ||     2
       Invisible         |       |       |     3 |       ||     3
       Distracted        |       |       |     2 |       ||     2
       Paralysed         |       |       |     6 |     7 ||    13
  Eat: Chunk             |     2 |     8 |    13 |     4 ||    27
       Ration            |       |       |     1 |     1 ||     2
Armor: Robe              |     7 |       |    68 |    46 ||   121
       Ring mail         |    28 |    14 |       |       ||    42
       Skin              |       |     6 |       |       ||     6
       Chain mail        |       |    84 |   159 |       ||   243
Dodge: Dodged            |    64 |    56 |   268 |   135 ||   523
Block: Other             |       |       |     4 |    19 ||    23

Table legend:
 A = Non-vault XP
 B = Vault XP
 C = Vault XP percentage of total XP
 D = Non-vault monster count
 E = Vault monster count
 F = Vault count percentage of total count
                 A         B        C        D         E       F
            +---------+---------+-------+---------+---------+-------
      Total |    6185 |    2109 |  25.4 |     206 |      37 |  15.2
            +---------+---------+-------+---------+---------+-------
        D:1 |      40 |       4 |   9.1 |      25 |       3 |  10.7
        D:2 |     113 |     244 |  68.3 |      19 |       3 |  13.6
        D:3 |      30 |       0 |   0.0 |      12 |       0 |   0.0
        D:4 |     269 |      50 |  15.7 |       7 |       8 |  53.3
        D:5 |     548 |       0 |   0.0 |      19 |       0 |   0.0
        D:6 |     673 |     138 |  17.0 |      20 |       6 |  23.1
        D:7 |    1115 |     177 |  13.7 |      45 |       1 |   2.2
        D:8 |    2194 |     590 |  21.2 |      29 |       2 |   6.5
        D:9 |    1203 |     906 |  43.0 |      30 |      14 |  31.8
            +---------+---------+-------+---------+---------+-------
